AoeStats
← Chris Becker

Arena

509136387Analyzed
4v4 RM · 8d ago on Sep 25, 2026· 44m 36s· 8 players
Game mode
Random Map
Map size
Large (8 player)
Population
200
Speed
Normal
Resources
Standard
Victory
Conquest
Starting age
Dark Age
Ending age
Imperial Age
RankedLock teamsTeams togetherTeam positionsShared explorationLock speedFull tech treeHidden civsTurbo modeCheats
Victory
Defeat
🇦🇺 Huns · Australia
1569
+11
🇩🇪 Sicilians · Germany
1545
+12
🇩🇪 Italians · Germany
1524
+13
🇩🇪 Franks · Germany
1513
+14
🇨🇳 Cumans · China
1530
-14
🇨🇳 Turks · China
1486
-14
🇨🇳 Malians · China
1481
-13
🇨🇳 Italians · China
1359
-9
Chris Becker
6:34 Loom
8:56 Feudal Age
10:45 Fletching
20:43 Castle Age
19:09 Double-Bit Axe
19:52 Horse Collar
20:37 Gold Mining
21:22 Bodkin Arrow
20:50 Crossbowman
22:34 Padded Archer Armor
23:01 Thumb Ring
25:49 Wheelbarrow
26:30 Bow Saw
27:09 Ballistics
34:47 Imperial Age
36:36 Chemistry
36:48 Leather Archer Armor
37:39 Heavy Plow
38:26 Ring Archer Armor
39:23 Hand Cart
42:21 Pirotechnia
43:45 Crop Rotation
44:18 Two-Man Saw
43:47 Town Watch
Sternburg Export
5:03 Loom
11:01 Feudal Age
12:19 Double-Bit Axe
15:00 Castle Age
16:11 Bow Saw
21:13 Wheelbarrow
22:33 Hand Cart
22:49 Stone Mining
23:20 Husbandry
24:06 Scale Barding Armor
27:18 Imperial Age
25:36 Forging
25:31 Gold Mining
27:03 Chain Barding Armor
26:44 Treadmill Crane
27:33 Cavalier
31:32 Plate Barding Armor
32:59 Gold Shaft Mining
34:01 Chemistry
34:46 Iron Casting
35:24 Masonry
37:18 Siege Engineers
38:14 Light Cavalry
42:31 Paladin
ResonanceFreq
10:03 Feudal Age
13:35 Castle Age
11:36 Double-Bit Axe
11:51 Horse Collar
14:38 Bow Saw
20:02 Wheelbarrow
20:21 Fletching
21:27 Bodkin Arrow
21:49 Gold Mining
22:18 Bow Saw
23:14 Husbandry
23:56 Ballistics
23:51 Bloodlines
23:44 Padded Archer Armor
24:41 Gold Shaft Mining
24:53 Thumb Ring
26:26 Hand Cart
26:56 Leather Archer Armor
31:28 Imperial Age
31:01 Scale Barding Armor
31:10 Heavy Plow
31:15 Light Cavalry
32:37 Chain Barding Armor
32:51 Bracer
32:15 Hussar
36:06 Chemistry
35:36 Forging
36:04 Plate Barding Armor
36:58 Forging
36:46 Heavy Cavalry Archer
37:51 Parthian Tactics
37:51 Conscription
38:13 Iron Casting
37:02 Capped Ram
38:20 Coinage
37:51 Caravan
38:16 Siege Ram
43:22 Blast Furnace
DonDanileau
10:15 Feudal Age
14:12 Castle Age
12:50 Double-Bit Axe
12:49 Horse Collar
16:28 Heavy Plow
24:39 First Crusade
24:07 Loom
24:58 Wheelbarrow
24:26 Scale Mail Armor
26:16 Chain Mail Armor
26:50 Forging
35:10 Town Watch
35:40 Hand Cart
35:20 Fletching
36:09 Bodkin Arrow
35:35 Crossbowman
39:22 Imperial Age
39:35 Imperial Age
38:19 Elite Skirmisher
39:14 Elite Skirmisher
41:15 Bracer
41:15 Padded Archer Armor
43:54 Leather Archer Armor
44:40 Chemistry
44:01 Ballistics
时尚
10:28 Feudal Age
14:05 Castle Age
12:00 Double-Bit Axe
12:23 Horse Collar
15:01 Bow Saw
19:53 Fletching
21:30 Bodkin Arrow
22:41 Ballistics
22:59 Gold Mining
23:31 Padded Archer Armor
23:55 Stone Mining
25:07 Leather Archer Armor
32:15 Imperial Age
29:52 Thumb Ring
33:04 Stone Shaft Mining
33:58 Two-Man Saw
32:25 Elite Genoese Crossbowman
34:39 Chemistry
34:30 Conscription
35:14 Bracer
乌西迪西
9:08 Feudal Age
10:01 Double-Bit Axe
9:59 Horse Collar
20:10 Castle Age
19:42 Scale Barding Armor
19:48 Forging
20:25 Gold Mining
20:56 Bloodlines
21:15 Chain Barding Armor
23:10 Wheelbarrow
24:03 Iron Casting
28:10 Bow Saw
28:02 Heavy Plow
28:39 Gold Shaft Mining
34:37 Fletching
35:38 Hand Cart
35:08 Loom
37:54 Imperial Age
35:29 Town Watch
38:16 Cavalier
39:33 Plate Barding Armor
39:59 Blast Furnace
小吉弟弟
11:39 Feudal Age
12:18 Double-Bit Axe
15:22 Castle Age
13:08 Horse Collar
16:47 Bow Saw
18:31 Squires
19:42 Wheelbarrow
19:53 Scale Mail Armor
19:56 Loom
21:56 Forging
23:14 Fletching
23:25 Padded Archer Armor
24:37 Bodkin Arrow
24:32 Elite Skirmisher
25:55 Thumb Ring
28:32 Leather Archer Armor
28:41 Ballistics
29:45 Town Watch
30:11 Gold Mining
30:11 Stone Mining
33:08 Imperial Age
31:36 Arson
32:06 Pikeman
35:18 Hand Cart
35:03 Town Patrol
35:40 Chain Mail Armor
37:56 Chemistry
38:45 Masonry
38:46 Fortified Wall
38:50 Masonry
abc963852741
12:26 Feudal Age
13:24 Double-Bit Axe
16:32 Castle Age
20:33 Imperial Age
18:21 Bow Saw
19:37 Gold Mining
20:40 Fletching
23:22 Bodkin Arrow
34:04 Wheelbarrow
Connection lost

Rejoining the realm…

Still unreachable

The connection could not be restored.

Session expired

The server has moved on; the page needs a fresh start.